 Dungeon Crawl Stone Soup version 0.17-a0-1691-g18a3847 (webtiles) character file.

7006 shakdrar the Arsonist (level 10, -3/53 HPs)
             Began as a Deep Elf Fire Elementalist on Aug 17, 2015.
             Was a Priest of Vehumet.
             Slain by a fire elemental (6 damage)
             ... in a volcano on Aug 20, 2015.
             The game lasted 01:36:04 (11372 turns).

shakdrar the Arsonist (Deep Elf Fire Elementalist) Turns: 11372, Time: 01:36:04

Health: -3/53      AC:  6    Str: 11    XL:     10   Next: 82%
Magic:  5/26       EV: 18    Int: 23    God:    Vehumet [***...]
Gold:   432        SH:  0    Dex: 20    Spells: 6 memorised, 10 levels left

rFire  + . .     SeeInvis .     x - +1 dire flail (venom)
rCold  + . .     Clarity  .     E - +2 robe {rC+}
rNeg   . . .     SustAt   .     (no shield)
rPois  .         Gourm    .     A - +1 hat
rElec  .         Spirit   .     u - +0 cloak
rCorr  .         Warding  .     (no gloves)
rMut   .         Stasis   .     (no boots)
MR     +....                    w - amulet of regeneration
Stlth  +++.......               q - +5 ring of strength
                                a - ring of protection from fire

@: agile, somewhat resistant to hostile enchantments, fairly stealthy
A: no striking features
a: Renounce Religion


You were in a volcano.
You worshipped Vehumet.
Vehumet was most pleased with you.
You were not hungry.

You visited 3 branches of the dungeon, and saw 11 of its levels.
You also visited: Volcano.

You collected 517 gold pieces.
You spent 85 gold pieces at shops.

Inventory:

Hand weapons
 h - a +0 dagger
 o - a cursed +3 hand axe
 x - a +1 dire flail of venom (weapon)
 D - a +2 quarterstaff of flaming
Missiles
 e - 55 poisoned needles
Armour
 u - a +0 cloak (worn)
 A - a +1 hat (worn)
 E - a +2 robe of cold resistance (worn)
Magical staves
 r - an uncursed staff of air
Jewellery
 a - a ring of protection from fire (left hand)
 k - an uncursed amulet of resist corrosion
 l - an uncursed ring of sustain attributes {unknown}
 p - an uncursed ring of wizardry {unknown}
 q - a +5 ring of strength (right hand)
 s - a cursed ring of teleportation {unknown}
 t - an uncursed ring of ice
 w - an amulet of regeneration (around neck)
 B - an uncursed ring of stealth
Magical devices
 n - a wand of magic darts (8)
 v - a wand of lightning (0)
 y - a wand of confusion (36)
Scrolls
 f - 2 scrolls of remove curse
Potions
 c - 2 potions of agility
 j - 2 potions of curing
Books
 b - a book of Flames

   Spells                             Type                      Level
   a - Flame Tongue                   Conjuration/Fire             1
   b - Throw Flame                    Conjuration/Fire             2
   c - Conjure Flame                  Conjuration/Fire             3
   d - Inner Flame                    Hexes/Fire                   3
   e - Sticky Flame                   Conjuration/Fire             4
   f - Fireball                       Conjuration/Fire             5
 z - a book of Power

   Spells                             Type                      Level
   a - Fulminant Prism                Conjuration/Hexes            4
   b - Iskenderun's Mystic Blast      Conjuration                  4
   c - Venom Bolt                     Conjuration/Poison           5
   d - Bolt of Magma                  Conjuration/Fire/Earth       5
   e - Iron Shot                      Conjuration/Earth            6
   f - Orb of Destruction             Conjuration                  7
   g - Spellforged Servitor           Conjuration/Summoning        7
 C - a book of Cantrips

   Spells                             Type                      Level
   a - Corona                         Hexes                        1
   b - Animate Skeleton               Necromancy                   1
   c - Summon Small Mammal            Summoning                    1
   d - Apportation                    Translocation                1
Comestibles
 d - 2 meat rations
 g - a beef jerky
 i - a royal jelly
 m - 4 fruits


   Skills:
 + Level 1.8 Fighting
 - Level 2.4 Dodging
 - Level 2.4 Stealth
 - Level 10.0 Spellcasting
 - Level 8.4 Conjurations
 + Level 12.1 Fire Magic
 - Level 6.7 Evocations


You had 10 spell levels left.
You knew the following spells:

 Your Spells              Type           Power        Failure   Level  Hunger
a - Flame Tongue          Conj/Fire      #####        1%          1    None
b - Throw Flame           Conj/Fire      ######       1%          2    None
c - Conjure Flame         Conj/Fire      ######..     1%          3    None
d - Sticky Flame          Conj/Fire      ######..     1%          4    #......
e - Fireball              Conj/Fire      ######....   1%          5    ####...
f - Iskenderun's Mystic   Conj           ######..     1%          4    #......


Dungeon Overview and Level Annotations

Branches:
Dungeon (9/15)             Temple (1/1) D:7            Lair (1/8) D:8
    Orc: D:9-12

Altars:
Ashenzari
Cheibriados
Dithmenos
Elyvilon
Fedhas
Gozag
Kikubaaqudgha
Makhleb
Nemelex Xobeh
Okawaru
Qazlal
Ru
Sif Muna
Trog
Vehumet
Xom
Yredelemnul
Zin
The Shining One

Shops:
D:4 [!*

Annotations:
D:7 4 runed doors


Message History

The fire elemental hits you. The fire elemental burns you! You resist.
* * * LOW HITPOINT WARNING * * *
Evoke which item? (* to show all) (? for menu, Esc to quit)
Zapping:
v - a wand of lightning {zapped: 5} (will waste charges)
Press: ? - help, Shift-Dir - straight line, f/p - fire elemental
Aim: a fire elemental (severely damaged)
You hear a mighty clap of thunder!
The bolt of lightning hits the fire elemental.
The fire elemental resists.
The fire elemental is almost destroyed.
Evoking this partially-identified wand wasted a few charges.
The fire elemental barely misses you. x2
That item cannot be evoked!
Evoke which item? (* to show all) (? for menu, Esc to quit)
Zapping:
v - a wand of lightning {zapped: 7} (will waste charges)
Press: ? - help, Shift-Dir - straight line, f/p - fire elemental
Aim: a fire elemental (almost destroyed) Nothing appears to happen.
The fire elemental hits you. The fire elemental burns you! You resist.
You die...

#### ### ### ## ##..###
###.###.#### .####.....###
###..........#
............###.@E...............
...........).......≈≈...≈........
......≈≈.≈≈......≈≈≈≈≈≈≈≈≈§≈.....
≈.[..§≈≈≈≈≈≈≈≈≈§≈§≈≈≈≈§≈§≈§≈≈≈≈..
≈≈≈≈≈§≈≈≈§≈≈≈≈≈≈§≈≈≈≈≈≈≈≈≈§≈≈≈≈..
≈≈≈≈≈§§§≈§≈≈§≈§§≈≈§≈≈§≈§§≈≈≈≈≈...
≈≈..§§≈≈§≈§§§≈≈...≈≈≈≈≈≈§§≈≈≈)..#
≈....§§≈≈≈§≈§.......!≈≈≈≈
......§≈≈≈?....###....


You could see a fire elemental.

Vanquished Creatures
  Gastronok (D:8)
  Erica (D:8)
  Pikel (D:8)
  A molten gargoyle (Volcano)
  A gargoyle (Volcano)
  The ghost of HEYYEYAAE the Chopper, an average DDCK of Xom (D:7)
  A hippogriff (D:8)
  Grum (D:8)
  3 wolves (D:8)
  A hungry ghost (D:7)
  A water moccasin (D:6)
  A necrophage (D:6)
  3 orc warriors
  A phantom (D:7)
  4 ogres
  2 centaurs
  3 giant frogs
  2 scorpions
  4 wights (D:8)
  2 quasits
  9 orc wizards
  2 centaur skeletons (D:6)
  A centaur zombie (D:6)
  3 giant frog skeletons
  A jelly (D:5)
  8 orc priests
  2 hounds
  3 iguanas
  3 worker ants
  A hound zombie (D:7)
  13 adders
  3 gnolls (D:8)
  2 shadow imps
  An adder zombie (D:6)
  An adder skeleton (D:5)
  4 worms
  5 giant geckos
  38 orcs
  11 bats
  5 giant cockroaches
  6 hobgoblins
  11 jackals
  3 quokkas
  A giant gecko skeleton (D:8)
  3 giant newts (D:1)
  4 kobolds
  A quokka skeleton (D:5)
  13 rats
193 creatures vanquished.

Vanquished Creatures (others)
  An orc wizard (D:8)
1 creature vanquished.

Grand Total: 194 creatures vanquished

Notes
Turn   | Place    | Note
--------------------------------------------------------------
     0 | D:1      | shakdrar the Deep Elf Fire Elementalist began the quest for the Orb.
     0 | D:1      | Reached XP level 1. HP: 10/10 MP: 6/6
   116 | D:1      | Found a sparkling altar of Nemelex Xobeh.
   259 | D:1      | Reached XP level 2. HP: 15/15 MP: 6/8
   555 | D:1      | Reached skill level 4 in Spellcasting
   729 | D:1      | Learned a level 2 spell: Throw Flame
   837 | D:2      | Found a shadowy altar of Dithmenos.
   884 | D:2      | Reached XP level 3. HP: 15/19 MP: 1/10
  1995 | D:2      | Reached XP level 4. HP: 3/24 MP: 0/12
  2005 | D:2      | HP: 1/24 [poisoned by an adder]
  2450 | D:3      | Found a shadowy altar of Dithmenos.
  3081 | D:4      | Noticed an ogre
  3113 | D:4      | Found a sparkling altar of Nemelex Xobeh.
  3308 | D:5      | Entered Level 5 of the Dungeon
  3317 | D:4      | Found Sats's Distillery.
  3317 | D:4      | Found Civev's Armour Emporium.
  3320 | D:4      | Bought a potion of degeneration for 10 gold pieces
  3323 | D:4      | Reached skill level 5 in Spellcasting
  3323 | D:4      | Reached XP level 5. HP: 28/28 MP: 6/14
  3733 | D:4      | Learned a level 3 spell: Conjure Flame
  3738 | D:4      | Learned a level 4 spell: Sticky Flame
  3755 | D:4      | Found Vuogus's General Store.
  3802 | D:4      | Bought a scroll of enchant weapon for 75 gold pieces
  3968 | D:4      | Found a shimmering altar of Xom.
  3968 | D:4      | Found a radiant altar of Vehumet.
  3971 | D:4      | Found an ancient bone altar of Kikubaaqudgha.
  3972 | D:4      | Found a blossoming altar of Fedhas.
  3976 | D:4      | Became a worshipper of Vehumet
  4325 | D:5      | Noticed a sky beast
  4344 | D:5      | Reached skill level 5 in Fire Magic
  4344 | D:5      | Reached XP level 6. HP: 27/32 MP: 6/16
  4478 | D:4      | Killed an ogre
  4478 | D:4      | Reached skill level 6 in Spellcasting
  4726 | D:4      | Reached XP level 7. HP: 15/36 MP: 5/18
  5195 | D:5      | Upgraded the game from 0.17-a0-1667-g4ca74a1 to 0.17-a0-1685-g57e755e
  5312 | D:5      | Reached skill level 7 in Fire Magic
  5321 | D:5      | Acquired Vehumet's first power
  5321 | D:5      | Offered knowledge of Freeze by Vehumet.
  5442 | D:5      | Noticed a moth of wrath
  5445 | D:5      | Found a bloodstained altar of Trog.
  6003 | D:6      | Reached skill level 8 in Fire Magic
  6010 | D:6      | Learned a level 5 spell: Fireball
  6165 | D:6      | Offered knowledge of Shock by Vehumet.
  6274 | D:6      | Reached skill level 5 in Conjurations
  6525 | D:6      | Reached XP level 8. HP: 41/41 MP: 15/19
  7220 | D:6      | Found an opulent altar of Gozag.
  7971 | D:7      | Reached skill level 9 in Fire Magic
  8241 | D:7      | Reached XP level 9. HP: 45/45 MP: 12/20
  8297 | D:7      | Noticed HEYYEYAAE's ghost (average DDCK)
  8336 | D:7      | Killed HEYYEYAAE's ghost
  8449 | D:7      | Reached skill level 10 in Fire Magic
  8865 | D:7      | Offered knowledge of Ignite Poison by Vehumet.
  8949 | D:7      | Found a huge runed gate.
  8949 | D:7      | Found a huge runed gate.
  8950 | D:7      | Found a huge runed gate.
  9055 | D:7      | Noticed a polar bear
  9056 | D:7      | Noticed a polar bear
  9159 | D:7      | Noticed a griffon
  9160 | D:7      | Found a huge runed gate.
  9160 | D:7      | Noticed a death yak
  9161 | D:7      | Noticed a polar bear
  9161 | D:7      | Noticed a griffon
  9162 | D:7      | Noticed a polar bear
  9305 | D:7      | Found a staircase to the Ecumenical Temple.
  9314 | Temple   | Entered the Ecumenical Temple
  9544 | D:7      | Upgraded the game from 0.17-a0-1685-g57e755e to 0.17-a0-1691-g18a3847
  9614 | D:7      | Found a white marble altar of Elyvilon.
  9614 | D:7      | Found a glowing silver altar of Zin.
  9851 | D:8      | Found a staircase to the Lair.
  9917 | D:8      | Learned a level 4 spell: Iskenderun's Mystic Blast
  9933 | D:8      | Noticed Grum
  9937 | D:8      | Noticed Gastronok
  9948 | D:8      | Reached skill level 10 in Spellcasting
 10098 | D:8      | Killed Grum
 10098 | D:8      | Reached skill level 1 in Evocations
 10230 | D:8      | Acquired Vehumet's second power
 10354 | D:8      | Killed Gastronok
 10354 | D:8      | Reached skill level 11 in Fire Magic
 10354 | D:8      | Reached skill level 5 in Evocations
 10354 | D:8      | Reached XP level 10. HP: 50/50 MP: 5/26
 10776 | D:8      | Found a sacrificial altar of Ru.
 10925 | D:8      | Noticed Erica
 10936 | D:8      | Killed Erica
 11017 | D:8      | Noticed Pikel
 11020 | D:8      | Killed Pikel
 11207 | Lair:1   | Entered Level 1 of the Lair of Beasts
 11266 | Lair:1   | Found a dark tunnel.
 11271 | Volcano  | Entered a volcano
 11301 | Volcano  | Reached skill level 1 in Fighting
 11301 | Volcano  | Reached skill level 12 in Fire Magic
 11370 | Volcano  | HP: 2/53 [fire elemental (4)]
 11372 | Volcano  | Slain by a fire elemental

Vault maps used:
D:1:      elethiomel_arrival_shortcut, minmay_crystal_room,
          nemelex_xobeh_ov_fountains_minmay
D:2:      nicolae_overflow_hidden_temple
D:3:      grunt_dithmenos_smoke_and_mirrors
D:4:      old_standard_altar, minitemple, serial_shops, shop,
          nicolae_shop_window_shopping, shop_fountains, minmay_misc_feat_chi,
          minivault_23
D:5:      tgw_trog, first_bread
D:6:      grunt_gozag_breadcrumbs, kennysheep_generic_room_7
D:7:      lemuel_bear_cage, gammafunk_temple_overflow_elements, temple_statues
D:8:      nicolae_ru_path_of_blood, lair_0_dummy, uniq_pikel, uniq_grum,
          uniq_gastronok, uniq_erica
Temple:   minmay_temple_curvy_8
Lair:1:   enter_volcano_4
Volcano:  volcano_overflow

Action                   |  1- 3 |  4- 6 |  7- 9 | 10-12 || total
-------------------------+-------+-------+-------+-------++-------
Melee: Unarmed           |    11 |       |       |       ||    11
       Dagger            |       |     2 |    15 |       ||    17
       Dire flail        |       |       |    13 |     3 ||    16
 Cast: Flame Tongue      |    37 |    14 |     8 |     3 ||    62
       Throw Flame       |    38 |    63 |   135 |    10 ||   246
       Sticky Flame      |       |     8 |    26 |     2 ||    36
       Conjure Flame     |       |       |     9 |       ||     9
       Fireball          |       |       |    36 |    12 ||    48
       Iskenderun's Myst |       |       |     1 |     8 ||     9
Evoke: Wand              |       |     5 |       |     4 ||     9
  Use: Scroll            |     2 |     6 |     5 |     5 ||    18
       Potion            |     5 |     2 |     1 |     1 ||     9
 Stab: Distracted        |     1 |       |       |       ||     1
  Eat: Chunk             |     4 |       |     2 |       ||     6
       Bread ration      |       |     2 |     3 |       ||     5
       Meat ration       |       |       |     3 |     1 ||     4
       Beef jerky        |       |       |     1 |     1 ||     2
